Map: Prion Terraces

Players

Tang - Winner!

  • Race: Zerg Zerg
  • League: Master

BoostedGrill

  • Race: Protoss Protoss
  • League: Master

VOD

Have the link to the VOD?

Description

Time

  • Played on: Jan. 2, 2016, 4:33 p.m.
  • Length: 13:47
Show
View Real Time Build Order
Export as new Build Order

Tang Zerg - Winner!

Build Orders: Pool First 

Get SALT Encoding   

  12  0:01  Drone  
  13  0:12  Overlord  
  13  0:17  Drone  
  14  0:30  Drone x2  
  14  0:35  Drone  
  17  0:45  Drone  
  17  0:48  Spawning Pool  
  17  0:51  Extractor  
  17  0:55  Drone  
  17  1:06  Drone  
  18  1:17  Drone  
  19  1:22  Hatchery  
  18  1:27  Drone  
  19  1:35  Queen  
  19  1:38  Zergling x2  
  22  1:49  Overlord  
  22  1:52  Metabolic Boost  
  22  2:07  Zergling x2  
  23  2:10  Queen  
  23  2:13  Overlord  
  25  2:34  Zergling x6  
  28  2:44  Zergling x6  
  31  2:51  Roach Warren  
  29  3:16  Overlord x2  
  28  3:39  Roach x8  
  28  3:40  Roach  
  44  3:44  Roach  
  46  3:54  Zergling x6  
  49  4:01  Zergling x6  
  49  4:06  Drone x2  
  51  4:13  Drone  
  51  4:17  Drone  
  53  4:26  Drone x5  
  53  4:27  Drone  
  57  4:32  Drone  
  57  4:34  Spore Crawler  
  49  4:41  Drone x2  
  48  4:47  Drone  
  48  4:52  Spore Crawler  
  46  4:59  Spore Crawler  
  43  5:00  Spore Crawler  
  43  5:03  Drone, Extractor  
  43  5:04  Drone, Hatchery  
  35  5:23  Drone  
  35  5:24  Drone x6  
  40  5:33  Overlord x3  
  38  5:36  Queen  
  40  5:45  Roach x3  
  40  5:46  Roach  
  40  5:48  Roach  
  50  5:56  Roach  
  52  6:01  Roach x2  
  56  6:05  Zergling x4, Roach x2  
  56  6:09  Roach  
  64  6:12  Drone  
  64  6:13  Drone  
  66  6:20  Drone x2  
  68  6:32  Roach x5  
  78  6:35  Zergling x8  
  82  6:46  Roach x3  
  88  6:59  Zergling x2  
  88  7:00  Zergling x2  
  90  7:06  Zergling x8  
  89  7:15  Zergling x2  
  89  7:17  Overlord x2, Zergling x4  
  85  7:42  Drone  
  85  7:43  Drone x12  
  94  7:54  Lair  
  94  7:56  Spore Crawler  
  94  7:57  Spore Crawler  
  88  8:00  Queen  
  87  8:06  Drone x6  
  88  8:17  Drone x2  
  88  8:18  Drone  
  91  8:23  Extractor  
  91  8:24  Extractor  
  91  8:25  Overlord  
  91  8:26  Overlord  
  87  8:30  Drone x3  
  87  8:32  Drone x3  
  87  8:33  Drone  
  94  8:35  Drone  
  95  8:42  Overlord x2  
  95  8:51  Glial Reconstitution  
  95  8:56  Hydralisk Den  
  94  9:04  Drone  
  94  9:05  Drone x3  
  94  9:06  Extractor  
  94  9:08  Extractor  
  96  9:12  Overlord x3  
  96  9:14  Drone x3  
  96  9:15  Drone x3  
  96  9:16  Drone x3  
  105  9:20  Hatchery  
  104  9:31  Overseer  
  104  9:36  Hydralisk x9, Muscular Augments  
  122  9:59  Overlord x3  
  121  10:00  Overlord x2  
  121  10:03  Ravager x2  
  121  10:04  Ravager x6  
  121  10:05  Ravager  
  132  10:07  Roach  
  132  10:08  Roach  
  132  10:10  Roach  
  132  10:11  Roach  
  138  10:16  Drone  
  138  10:17  Drone x6  
  138  10:19  Roach  
  147  10:23  Extractor  
  147  10:25  Extractor  
  147  10:27  Spire  
  144  10:32  Roach x2  
  144  10:34  Drone  
  144  10:35  Drone  
  150  10:36  Drone  
  150  10:40  Roach  
  95  11:07  Hydralisk  
  95  11:09  Zergling x2  
  95  11:10  Drone  
  85  11:11  Drone x14  
  84  11:35  Spore Crawler  
  84  11:36  Spore Crawler  
  82  11:40  Mutalisk  
  82  11:41  Mutalisk x8  
  82  11:42  Mutalisk  
  95  11:55  Mutalisk  
  95  11:56  Mutalisk x3  
  98  12:01  Drone x3  
  98  12:03  Mutalisk  
  98  12:04  Mutalisk  
  104  12:12  Roach x3  
  110  12:21  Roach  
  110  12:22  Roach x5  
  122  12:28  Roach x3  
  128  12:43  Roach  
  128  12:44  Roach x8  
  144  12:53  Roach  
  144  12:54  Roach x5  
  156  13:01  Roach x4  
  164  13:07  Roach x3  
  168  13:13  Roach x4  
  168  13:17  Ravager x4  
  175  13:20  Ravager  
  175  13:22  Roach x2  
  175  13:23  Roach x2  
  175  13:25  Ravager x4  
Show
View Real Time Build Order
Export as new Build Order

BoostedGrill Protoss 

Build Orders: Oracle Opening 

Get SALT Encoding   

  12  0:01  Probe (Chrono Boost)  
  13  0:12  Probe (Chrono Boost)  
  14  0:18  Pylon  
  14  0:23  Probe (Chrono Boost)  
  15  0:36  Probe (Chrono Boost)  
  15  0:38  Gateway  
  16  0:47  Probe (Chrono Boost)  
  17  0:51  Assimilator  
  17  0:57  Probe (Chrono Boost)  
  18  1:06  Gateway  
  18  1:08  Probe (Chrono Boost)  
  20  1:18  Probe (Chrono Boost)  
  20  1:25  Cybernetics Core  
  20  1:29  Probe (Chrono Boost)  
  21  1:33  Pylon  
  21  1:39  Probe (Chrono Boost)  
  22  1:50  Probe (Chrono Boost)  
  22  1:53  Assimilator  
  23  2:03  Warp Gate, Adept (Chrono Boost)  
  23  2:05  Adept (Chrono Boost)  
  27  2:09  Probe  
  28  2:24  Mothership Core (Chrono Boost)  
  30  2:32  Nexus  
  30  2:38  Pylon  
  30  2:45  Probe (Chrono Boost)  
  30  2:48  Pylon  
  31  2:57  Probe (Chrono Boost)  
  32  3:07  Stargate, Probe (Chrono Boost)  
  32  3:09  Adept  
  35  3:18  Probe (Chrono Boost)  
  36  3:24  Pylon  
  36  3:28  Probe (Chrono Boost)  
  35  3:39  Probe (Chrono Boost)  
  36  3:44  Probe (Chrono Boost)  
  37  3:49  Probe (Chrono Boost)  
  37  3:51  Oracle (Chrono Boost)  
  37  3:53  Probe  
  42  3:56  Robotics Facility  
  42  4:01  Probe  
  43  4:04  Probe  
  44  4:12  Assimilator  
  44  4:13  Probe (Chrono Boost)  
  44  4:14  Adept  
  44  4:16  Assimilator, Adept  
  49  4:18  Probe (Chrono Boost)  
  50  4:25  Probe (Chrono Boost)  
  50  4:30  Probe (Chrono Boost)  
  50  4:38  Pylon, Void Ray  
  54  4:40  Pylon  
  47  4:46  Immortal (Chrono Boost)  
  49  4:58  Probe  
  46  5:01  Stalker  
  46  5:05  Stalker  
  46  5:06  Probe  
  46  5:14  Probe  
  46  5:17  Probe  
  47  5:26  Probe  
  47  5:27  Probe  
  47  5:38  Probe x2  
  47  5:39  Warp Prism (Chrono Boost)  
  51  5:49  Probe  
  51  5:50  Probe  
  53  5:59  Probe  
  53  6:03  Probe  
  55  6:07  Adept x2  
  55  6:10  Probe  
  59  6:14  Observer (Chrono Boost)  
  59  6:15  Probe  
  59  6:17  Pylon  
  62  6:29  Nexus  
  62  6:33  Twilight Council  
  62  6:34  Probe  
  62  6:35  Probe  
  62  6:38  Pylon  
  64  6:44  Probe  
  65  6:47  Probe  
  65  6:52  Sentry x2  
  70  6:57  Immortal (Chrono Boost)  
  74  7:02  Probe  
  75  7:10  Probe  
  75  7:15  Probe  
  77  7:20  Probe  
  72  7:37  Pylon  
  72  7:38  Pylon  
  65  7:50  Sentry x2  
  67  7:55  Charge  
  67  7:56  Assimilator  
  67  8:00  Probe  
  67  8:01  Assimilator  
  67  8:04  Probe  
  69  8:16  Probe  
  69  8:17  Probe  
  71  8:21  Immortal (Chrono Boost)  
  71  8:24  Forge  
  75  8:29  Nexus  
  75  8:45  Gateway  
  75  8:51  Gateway  
  75  8:53  Templar Archives  
  75  8:56  Adept, Gateway  
  75  8:59  Gateway  
  75  9:00  Pylon, Protoss Ground Weapons Level 1 (Chrono Boost)  
  75  9:02  Pylon  
  77  9:05  Pylon  
  77  9:14  Pylon  
  77  9:16  Pylon  
  77  9:21  Adept x2  
  81  9:37  Probe  
  81  9:38  Probe  
  82  9:40  Probe  
  84  9:48  Probe  
  84  9:49  Probe  
  84  9:52  Probe  
  86  9:56  Zealot x2  
  86  9:59  Pylon, Probe  
  89  10:01  Probe  
  89  10:03  Assimilator  
  89  10:06  Assimilator  
  91  10:12  Probe  
  91  10:13  Probe  
  93  10:18  High Templar x3  
  93  10:19  High Templar x3  
  105  10:22  Archon  
  105  10:23  Archon x2  
  105  10:35  Pylon  
  105  10:36  Immortal  
  105  10:37  Pylon  
  109  10:52  Zealot x4  
  109  10:53  Zealot x2  
  69  11:15  Zealot, Immortal  
  69  11:16  Zealot x5  
  79  11:40  Adept x4  
  79  11:41  Probe  
  79  11:43  Adept x2  
  84  11:54  Immortal  
  84  11:55  Probe  
  85  12:04  High Templar x6  
  85  12:08  Archon x3  
  92  12:22  Photon Cannon  
  92  12:24  Pylon  
  92  12:25  Photon Cannon x2  
  92  12:27  Photon Cannon, Pylon  
  92  12:29  Photon Cannon, Pylon  
  92  12:30  Photon Cannon  
  92  12:37  Mothership Core  
  92  12:44  High Templar x5  
  92  12:45  High Templar  
  92  12:50  Archon x3  
  90  13:21  Zealot x4  
  90  13:23  Pylon  
  98  13:29  Pylon  
Tags
 
Add a new tag
Caveats
  • Supply blocks, unpowered buildings, or Contaminate may cause inaccurate times.
  • Supply counts are checked every 10 seconds.